 Dungeon Crawl Stone Soup version 0.31-a0-1098-g6898e65 (webtiles) character file.

Game seed: 3002853424172998827

994 PidgeyThePirate the Covert (level 8, -1/48 HPs)
             Began as a Kobold Brigand on Nov 30, 2023.
             Slain by an orc
             ... wielding a +1 dagger of freezing
              (2 damage)
             ... on level 5 of the Dungeon.
             The game lasted 00:07:06 (4174 turns).

PidgeyThePirate the Covert (Kobold Brigand)         Turns: 4174, Time: 00:07:06

Health: -1/48      AC:  3    Str: 10    XL:     8   Next: 42%
Magic:  8/8        EV: 15    Int: 12    God:
Gold:   207        SH:  0    Dex: 17    Spells: 7/7 levels left

rFire   . . .        f - +0 dagger (elec)
rCold   . . .        (no shield)
rNeg    + . .        b - +0 robe
rPois   .            (no helmet)
rElec   .            c - +0 cloak
rCorr   .            (no gloves)
SInv    .            (no boots)
Will    .....        (no amulet)
Stlth   ++++++       v - ring of positive energy
HPRegen 0.28/turn    (no ring)
MPRegen 0.11/turn

%: no passive effects
@: no status effects
A: small, no large weapons, nightstalker 3
a: no special abilities


You were on level 5 of the Dungeon.
You visited 1 branch of the dungeon, and saw 5 of its levels.

You collected 207 gold pieces.

Inventory:

Hand Weapons
 a - a +2 dagger
 f - a +0 dagger of electrocution (weapon)
Missiles
 d - 15 poisoned darts (quivered)
 e - 3 curare-tipped darts
Armour
 b - a +0 robe (worn)
 c - a +0 cloak (worn)
 m - a +0 ring mail
Jewellery
 v - a ring of positive energy (left hand)
 C - a ring of fire
 G - a +6 ring of dexterity
Wands
 x - a wand of flame (38)
Scrolls
 h - a scroll of noise {unknown}
 k - 3 scrolls of fear {unknown}
 n - 6 scrolls of identify {unknown}
 o - 2 scrolls of teleportation {unknown}
 q - a scroll of enchant armour {unknown}
 s - a scroll of poison {unknown}
 t - a scroll of revelation {unknown}
 y - 2 scrolls of enchant weapon {unknown}
 B - a scroll of brand weapon {unknown}
Potions
 g - 2 potions of attraction {unknown}
 i - a potion of cancellation {unknown}
 j - a potion of berserk rage {unknown}
 p - a potion of magic {unknown}
 r - a potion of enlightenment {unknown}
 u - a potion of brilliance {unknown}
 w - a potion of mutation {unknown}
 z - a potion of lignification {unknown}
 A - a potion of might {unknown}
 D - a potion of ambrosia {unknown}
 E - a potion of heal wounds {unknown}
 F - a potion of haste {unknown}


   Skills:
 + Level 3.7 Fighting
 + Level 5.7 Short Blades
 + Level 2.2 Throwing
 + Level 3.2 Dodging
 + Level 11.7 Stealth


You had 7 spell levels left.
You didn't know any spells.
Your spell library contained the following spells:

 Spells                   Type           Power      Damage    Failure   Level
 Ignite Poison            Fire/Tmut/Pois 0%         N/A       69%         3
 Sticky Flame             Conj/Fire      0%         2d3       97%         4
 Ignition                 Fire           0%         3d3       100%        8


Dungeon Overview and Level Annotations

Branches:
Dungeon (5/15)
 Temple: D:4-7

Altars:

Shops:
D:2 (


Innate Abilities, Weirdness & Mutations

You are small and have problems with some larger weapons.
You are completely attuned to the shadows.


Message History

The orc hits you but does no damage.
You hit the orc but do no damage. Lightning courses through the orc!
You kill the orc!
You hear the slow hiss of a very distant avalanche of sand.
You hit the orc.
The orc is moderately wounded.
The orc misses you.
You barely miss the orc.
The orc is moderately wounded.
The orc hits you with a +1 dagger of freezing.
* * * LOW HITPOINT WARNING * * *
The orc freezes you.
* * * LOW HITPOINT WARNING * * *
You hit the orc.
The orc is heavily wounded.
You hit the orc but do no damage.
The orc is heavily wounded.
The orc hits you with a +1 dagger of freezing.
* * * LOW HITPOINT WARNING * * *
The orc freezes you.
* * * LOW HITPOINT WARNING * * *
You closely miss the orc.
The orc is heavily wounded.
The orc barely misses you.
You hit the orc but do no damage.
The orc is heavily wounded.
You hear a distant slurping noise.
The orc closely misses you.
You hit the orc but do no damage.
The orc is heavily wounded.
You hit the orc.
The orc is heavily wounded.
The orc hits you with a +1 dagger of freezing.
* * * LOW HITPOINT WARNING * * *
The orc freezes you.
* * * LOW HITPOINT WARNING * * *
You closely miss the orc.
The orc is heavily wounded.
The orc hits you with a +1 dagger of freezing.
You die...

#....#
#....#
#...>.
######...o.
#@o..[.....
######....#
#....#
#....#
#.....


You could see an orc.

Vanquished Creatures
  Sigmund (D:3)
  Eustachio (D:4)
  Pargi (D:3)
  2 ogres (D:4)
  2 scorpions (D:4)
  A jelly (D:4)
  A hound (D:4)
  Ijyb (D:3)
  Natasha (thrice) (D:3)
  An orc wizard (D:5)
  6 adders
  2 worms
  A dart slug (D:2)
  4 orcs
  6 bats
  6 endoplasms
  3 giant cockroaches
  6 goblins
  7 hobgoblins
  4 jackals (D:1)
  6 kobolds
  5 quokkas
  6 ball pythons
  6 frilled lizards
  4 rats
86 creatures vanquished.

Notes
Turn   | Place    | Note
-------+----------+-------------------------------------------
     0 | D:1      | PidgeyThePirate the Kobold Brigand began the quest for the
                  | Orb.
     0 | D:1      | Reached XP level 1. HP: 12/12 MP: 1/1
   126 | D:1      | Reached XP level 2. HP: 14/18 MP: 2/2
   181 | D:1      | Reached skill level 6 in Stealth
   301 | D:1      | Reached XP level 3. HP: 22/22 MP: 3/3
   690 | D:2      | Found Eghaum's Weapon Shop.
   715 | D:2      | HP: 1/22 [poisoned by an adder]
   774 | D:2      | Reached XP level 4. HP: 27/27 MP: 4/4
   776 | D:2      | Reached skill level 7 in Stealth
  1869 | D:3      | Noticed Sigmund
  1873 | D:3      | Killed Sigmund
  1874 | D:3      | Reached skill level 8 in Stealth
  1874 | D:3      | Reached XP level 5. HP: 32/32 MP: 5/5
  1874 | D:3      | Reached XP level 6. HP: 37/37 MP: 6/6
  2035 | D:3      | Noticed Ijyb
  2037 | D:3      | Killed Ijyb
  2070 | D:3      | Noticed Pargi
  2072 | D:3      | Killed Pargi
  2073 | D:3      | Reached skill level 9 in Stealth
  2073 | D:3      | Reached XP level 7. HP: 41/41 MP: 7/7
  2495 | D:3      | Noticed Natasha
  2499 | D:3      | Killed Natasha
  2836 | D:3      | Noticed Natasha
  2840 | D:3      | Killed Natasha
  3051 | D:3      | Noticed Natasha
  3057 | D:3      | Killed Natasha
  3133 | D:4      | Reached skill level 10 in Stealth
  3349 | D:4      | Reached skill level 5 in Short Blades
  3548 | D:4      | Reached skill level 11 in Stealth
  3548 | D:4      | Reached XP level 8. HP: 46/46 MP: 8/8
  3675 | D:4      | Noticed Eustachio
  3679 | D:4      | Killed Eustachio
  4104 | D:5      | Entered Level 5 of the Dungeon
  4169 | D:5      | HP: 2/48 [orc/+1 dagger of freezing (1)]
  4174 | D:5      | Slain by an orc

Illustrated notes

Levels and vault maps discovered:
D:1:      evilmike_arrival_crescent, layout_rooms, kennysheep_nondescript,
          minmay_door_square
D:2:      layout_loops_cross, serial_shops, shop, eino_tiny_chamber,
          chequers_serial_rivers_large_b, serial_bayou_pond_a
D:3:      layout_basic, nicolae_houndstooth_variations, uniq_sigmund,
          uniq_natasha, uniq_pargi, uniq_ijyb
D:4:      layout_cave_pods, hangedman_decor_opposing, grunt_decor_mini_mirrors,
          uniq_eustachio
D:5:      layout_basic, zin_purify, nicolae_ossuary_entry_monument, uniq_grinder

Skill      XL: |  1  2  3  4  5  6  7  8 |
---------------+-------------------------+-----
Stealth        | 6 8 9 11 | 11.7
Short Blades   | 4 5 |  5.7
Fighting       | 3 |  3.7
Dodging        | 2 3 |  3.2
Throwing       | |  2.2

Action                     |  1- 3 |  4- 6 |  7- 9 || total
---------------------------+-------+-------+-------++-------
  Melee: Dagger            |    87 |    39 |   123 ||   249
         Punch             |       |       |     2 ||     2
    Use: Potion            |     1 |       |     3 ||     4
   Stab: Sleeping          |    14 |    15 |    15 ||    44
 Armour: Robe              |    29 |    11 |    37 ||    77
  Dodge: Dodged            |    41 |    14 |    56 ||   111

Table legend: (Time is in decaauts)
 A = Elapsed time spent in this place.
 B = Non-inter-level travel time spent in this place.
 C = Inter-level travel time spent in this place.
 D = Time resting spent in this place.
 E = Time spent auto-exploring this place.
 F = Levels seen in this place.
 G = Mean time per level.
                   A        B        C        D        E       F      G
               +--------+--------+--------+--------+--------+-----+--------+
         Total |   4178 |   3903 |    275 |    176 |   3090 |   5 |  835.6 |
       Dungeon |   4178 |   3903 |    275 |    176 |   3090 |   5 |  835.6 |
               +--------+--------+--------+--------+--------+-----+--------+

Top non-repeatable levels by time:
     D:3: 1363 daAuts
     D:2: 1060 daAuts
     D:4: 1028 daAuts
     D:1: 684 daAuts
     D:5: 40 daAuts
